 Dungeon Crawl Stone Soup version 0.17.1-1-g73c8601 (webtiles) character file.

298 PossumBlood the Chopper (level 6, -3/47 HPs)
             Began as a Formicid Fighter on Jan 7, 2016.
             Slain by PossumBlood's ghost (6 damage)
             ... on level 3 of the Dungeon.
             The game lasted 00:09:41 (2877 turns).

PossumBlood the Chopper (Formicid Fighter)          Turns: 2877, Time: 00:09:42

Health: -3/47      AC:  7    Str: 28    XL:     6   Next: 63%
Magic:  6/6        EV:  8    Int:  7    God:
Gold:   140        SH: 10    Dex: 10    Spells: 0 memorised, 5 levels left

rFire  . . .     SeeInvis +     a - +0 war axe
rCold  . . .     Clarity  .     b - +0 scale mail
rNeg   . . .     SustAt   +     c - +0 shield
rPois  .         Gourm    .     (helmet unavailable)
rElec  .         Spirit   .     (no cloak)
rCorr  .         Warding  .     i - +0 pair of gloves
rMut   .         Stasis   +     (no boots)
MR     .....                    (no amulet)
Stlth  ..........               (no ring)
                                u - ring of sustain attributes

@: mighty, lethally poisoned (-3 -> -4), drained, not resistant to hostile
enchantments, extremely unstealthy
A: permanent stasis, dig shafts and tunnels, four strong arms, antennae 3
a: Dig, Shaft Self


You were on level 3 of the Dungeon.
You were not hungry.

You visited 1 branch of the dungeon, and saw 3 of its levels.

You collected 140 gold pieces.

Inventory:

Hand Weapons
 a - a +0 war axe (weapon)
Missiles
 w - 2 tomahawks (quivered)
Armour
 b - a +0 scale mail (worn)
 c - a +0 shield (worn)
 i - a +0 pair of gloves (worn)
Jewellery
 u - a ring of sustain attributes (left hand)
Scrolls
 g - a scroll of identify
 l - a scroll of amnesia
 p - a scroll of blinking
 s - a scroll of remove curse
Potions
 j - a potion of magic
 r - a potion of degeneration
 t - a potion of flight
Comestibles
 e - a bread ration
 f - 2 fruits
 m - 2 meat rations
 o - a royal jelly


   Skills:
 - Level 3.2(2.8) Fighting
 * Level 6.5(6.0) Axes
 - Level 3.2(2.8) Armour
 - Level 3.6(3.1) Shields


You had 5 spell levels left.
You didn't know any spells.

Dungeon Overview and Level Annotations

Branches:
Dungeon (3/15)

Altars:
Kikubaaqudgha
Sif Muna
Vehumet
Yredelemnul

Annotations:
D:3 PossumBlood's ghost, amateur FoFi


Innate Abilities, Weirdness & Mutations

You are under a permanent stasis effect.
You can dig through walls and to a lower floor.
Your four strong arms can wield two-handed weapons with a shield.
You have a pair of large antennae on your head (SInv).


Message History

Your shield and scale mail prevent you from hitting PossumBlood's ghost.
PossumBlood's ghost is lightly damaged.
You barely miss the orc.
The orc is severely wounded.
You closely miss the orc. PossumBlood's ghost hits you!
* * * LOW HITPOINT WARNING * * *
The orc hits you with a short sword of draining.
* * * LOW HITPOINT WARNING * * *
You feel drained. The orc hits you with a mace.
* * * LOW HITPOINT WARNING * * *
PossumBlood's ghost barely misses you. The orc hits you but does no damage.
You feel drained.
You hit PossumBlood's ghost but do no damage.
PossumBlood's ghost is lightly damaged.
You slash the orc!
You kill the orc!
You hit the orc.
The orc is heavily wounded.
PossumBlood's ghost hits you.
You die...

##****### ***********#.,,,,..#
,,,,,,,,,.,,..***#.#
*,,,,,,,,..#,.##*#.#
*,,******#...,..*#.#
*,,*,,,**#.#..#.*#.#
,,,*,,,,,.o....o##.#####
**,*,,,***,#...W@.†....# **,**,**
*,##.#)######.### **,**,**
*,**,#..........#
**,*,,,***>**,########.#.#
**,,,,,,,,,**,* #.#.#
*,,,*,**,*,**,* #.#.#
*,,,,,,,,,,**,* ###.#.# #####
*,,,*,**,**##,***###...#.####<...
***,*,*,{,,...,,{,...###......#**


You could see PossumBlood's ghost and 2 orcs.

Vanquished Creatures
  2 orc priests (D:3)
  2 orc wizards (D:3)
  6 adders
  4 gnolls (D:2)
  2 oozes
  4 worms
  3 giant geckos
  8 orcs (D:3)
  A bat (D:1)
  8 hobgoblins
  A jackal (D:1)
  A ball python (D:3)
  5 giant cockroaches
  A giant newt (D:1)
  5 goblins
  12 kobolds
  3 quokkas
  3 rats
71 creatures vanquished.

Notes
Turn   | Place    | Note
--------------------------------------------------------------
     0 | D:1      | PossumBlood the Formicid Fighter began the quest for the Orb.
     0 | D:1      | Reached XP level 1. HP: 18/18 MP: 1/1
    94 | D:1      | Reached XP level 2. HP: 21/24 MP: 2/2
   714 | D:2      | Reached XP level 3. HP: 29/29 MP: 3/3
   953 | D:2      | Reached XP level 4. HP: 25/35 MP: 4/4
  1204 | D:2      | Found a deep blue altar of Sif Muna.
  1246 | D:2      | Reached skill level 4 in Axes
  1560 | D:2      | Reached XP level 5. HP: 14/41 MP: 5/5
  1778 | D:2      | Found an ancient bone altar of Kikubaaqudgha.
  1921 | D:2      | Reached skill level 5 in Axes
  2469 | D:3      | Found a radiant altar of Vehumet.
  2471 | D:3      | Reached XP level 6. HP: 26/47 MP: 6/6
  2483 | D:3      | Reached skill level 6 in Axes
  2483 | D:3      | HP: 2/47 [worm (6)]
  2803 | D:3      | Found a basalt altar of Yredelemnul.
  2868 | D:3      | Noticed PossumBlood's ghost (amateur FoFi)
  2877 | D:3      | Slain by PossumBlood's ghost

Action                   |  1- 3 |  4- 6 || total
-------------------------+-------+-------++-------
Melee: War axe           |   102 |   139 ||   241
 Abil: Dig               |       |     2 ||     2
  Use: Scroll            |       |    11 ||    11
       Potion            |       |     1 ||     1
  Eat: Fruit             |       |     8 ||     8
